 Dungeon Crawl Stone Soup version 0.30-a0-634-g8abc85282e (webtiles) character file.

Game seed: 15560137691869391702

494002 CrazyBamboolord the Earth Mage (level 23, -9/190 (198) HPs)
             Began as a Grey Draconian Conjurer on Jan 9, 2023.
             Was the Champion of Vehumet.
             Mangled by a shard shrike simulacrum (46 damage)
             ... summoned by a vampire mage
             ... on level 3 of the Crypt on Jan 14, 2023.
             The game lasted 04:28:17 (76246 turns).

CrazyBamboolord the Earth Mage (DrCj)              Turns: 76246, Time: 04:28:18

HP:   -9/190 (198)  AC: 23    Str: 10    XL:     23   Next: 93%
MP:   5/56          EV: 18    Int: 26    God:    Vehumet [******]
Gold: 3597          SH:  5    Dex: 11    Spells: 8/62 levels left

rFire   + + .      SeeInvis .    b - +0 staff of Battle
rCold   . . .      Faith    .    (no shield)
rNeg    . . .      Spirit   .    (body armour unavailable)
rPois   +          Reflect  +    (helmet restricted)
rElec   +          Harm     .    V - +0 cloak of the Butcher {*Slow rPois rF++ Regen+}
rCorr   .          Rampage  .    A - +2 pair of gloves
Will    +....                    y - +2 pair of boots
Stlth   ++                       g - amulet of reflection
HPRegen 1.31/turn                G - ring of magical power
MPRegen 0.35/turn                m - ring of Eclyixeh {Contam Fly rElec rPois}

@: about to teleport, flying, slowed, studying 2 skills, lightly drained, very
slow
A: AC +16, amphibious, unfitting armour, cold-blooded, horns 1, dopey 1
}: 2/15 runes: decaying, gossamer
a: Renounce Religion


You were on level 3 of the Crypt.
You worshipped Vehumet.
Vehumet was exalted by your worship.
You visited 9 branches of the dungeon, and saw 42 of its levels.
You visited the Abyss 2 times.
You visited 1 bazaar.
You also visited: Sewer, Bailey, Gauntlet, Volcano and Wizlab.

You collected 6566 gold pieces.
You spent 2969 gold pieces at shops.

Inventory:

Hand Weapons
 b - the +0 staff of Battle (weapon)
   (You found it on level 13 of the Dungeon)

   It enhances your conjuration magic.
   It summons a battlesphere in combat, with strength depending on Conjurations
   skill.
   Its strikes trigger the battlesphere's blasts.
Missiles
 M - 2 throwing nets
Armour
 y - a +2 pair of boots (worn)
 A - a +2 pair of gloves (worn)
 L - a +2 cloak of preservation
 V - the +0 cloak of the Butcher (worn) {*Slow rPois rF++ Regen+}
   (You found it in a wizard's laboratory)

   rF:        It greatly protects you from fire.
   rPois:     It protects you from poison.
   Regen:     It increases your rate of health regeneration.
   *Slow:     It may slow you when you take damage.
Jewellery
 g - an amulet of reflection (around neck)
 m - the ring of Eclyixeh (right hand) {Contam Fly rElec rPois}
   (You acquired it on level 3 of the Spider Nest)

   [ring of poison resistance]

   rElec:     It insulates you from electricity.
   rPois:     It protects you from poison.
   Fly:       It grants you flight.
   Contam:    It causes magical contamination when unequipped.
 C - the ring of Lady Luck {+Blink rF- rC+ Will+ Slay+3}
   (You took it off a deep elf death mage on level 3 of the Elven Halls)

   [ring of protection from cold]

   Slay:      It affects your accuracy & damage with ranged weapons and melee
   (+3).
   rF:        It makes you vulnerable to fire.
   rC:        It protects you from cold.
   +Blink:    It lets you blink.
   Will:      It increases your willpower.
 D - a ring of protection from cold
 G - a ring of magical power (left hand)
 J - a ring of willpower
 R - a ring of resist corrosion
 T - the ring of Cynutum {AC+4 Dex+4}
   (You found it on level 1 of the Swamp)

   [ring of protection]

   AC:        It affects your AC (+4).
   Dex:       It affects your dexterity (+4).
 U - a ring of fire
 W - a ring of positive energy
Wands
 c - a wand of paralysis (4)
 f - a wand of digging (25)
 i - a wand of polymorph (18)
 r - a wand of mindburst (25)
 E - a wand of flame (80)
 N - a wand of roots (27)
 P - a wand of light (24)
Scrolls
 a - 10 scrolls of poison
 e - 12 scrolls of teleportation
 h - a scroll of brand weapon
 o - 3 scrolls of torment
 p - a scroll of blinking
 q - a scroll of fear
 u - 2 scrolls of immolation
 v - 2 scrolls of enchant armour
 w - a scroll of enchant weapon
 x - 3 scrolls of vulnerability
 H - 13 scrolls of fog
 O - a scroll of magic mapping
 Q - 3 scrolls of summoning
 S - 4 scrolls of silence
 Y - 2 scrolls of amnesia
Potions
 d - 4 potions of cancellation
 j - 10 potions of curing
 k - 2 potions of heal wounds
 l - 5 potions of lignification
 n - 5 potions of brilliance
 s - 3 potions of mutation
 t - 10 potions of flight
 z - 13 potions of might
 B - 2 potions of berserk rage
 F - 13 potions of ambrosia
 I - 7 potions of haste
 K - 3 potions of resistance


   Skills:
 * Level 14.9 Fighting
 * Level 10.9 Staves
 * Level 15.3 Dodging
 - Level 2.2 Stealth
 - Level 1.0 Shields
 - Level 20.3 Spellcasting
 + Level 19.8 Conjurations
 - Level 12.3 Hexes
 - Level 7.1 Translocations
 * Level 20.6 Earth Magic


You had 8 spell levels left.
You knew the following spells:

 Your Spells              Type           Power      Damage    Failure   Level
a - Magic Dart            Conj           100%       1d8       0%          1
b - Searing Ray           Conj           100%       2d8       0%          2
c - Orb of Destruction    Conj           57%        9d14      1%          7
d - Iron Shot             Conj/Erth      57%        9d11      1%          6
e - Fulminant Prism       Conj/Hex       52%        3d22      0%          4
f - Iskenderun's Mystic   Conj/Tloc      98%        2d19      1%          4
g - Irradiate             Conj/Tmut      43%        3d26      1%          5
h - Manifold Assault      Tloc           59%        N/A       1%          4
i - Lee's Rapid Deconstr  Erth           46%        3d22*     0%          5
j - Enfeeble              Hex            37%        N/A       9%          7
k - Shatter               Erth           46%        3d36*     10%         9

Your spell library contained the following spells:

 Spells                   Type           Power      Damage    Failure   Level
 Fire Storm               Conj/Fire      43%        8d11      99%         9
 Polar Vortex             Ice            13%        N/A       100%        9
 Slow                     Hex            100%       N/A       0%          1
 Momentum Strike          Conj/Tloc      100%       3d10      0%          2
 Dazzling Flash           Conj/Hex       100%       N/A       0%          3
 Apportation              Tloc           100%       N/A       1%          1
 Freeze                   Ice            100%       1d10      1%          1
 Necrotise                Necr           100%       1d9       1%          1
 Shock                    Conj/Air       100%       1d9       1%          1
 Sting                    Tmut/Pois      100%       1d8       1%          1
 Summon Small Mammal      Summ           100%       N/A       1%          1
 Blink                    Tloc           100%       N/A       1%          2
 Ensorcelled Hibernation  Hex/Ice        100%       N/A       1%          2
 Passwall                 Tmut/Erth      56%        N/A       1%          2
 Poisonous Vapours        Pois/Air       52%        N/A       1%          2
 Confusing Touch          Hex            74%        N/A       1%          3
 Frozen Ramparts          Ice            52%        1d8       1%          3
 Gell's Gravitas          Tloc           59%        N/A       1%          3
 Hailstorm                Conj/Ice       87%        3d17      1%          3
 Ignite Poison            Fire/Tmut/Pois 26%        N/A       1%          3
 Inner Flame              Hex/Fire       55%        N/A       1%          3
 Kindle Blastsparks       Fire/Tloc/Air  76%        2d16      1%          3
 Portal Projectile        Hex/Tloc       100%       N/A       1%          3
 Summon Guardian Golem    Hex/Summ       55%        N/A       1%          3
 Teleport Other           Tloc           59%        N/A       1%          3
 Tukima's Dance           Hex            74%        N/A       1%          3
 Vhi's Electric Charge    Tloc/Air       88%        N/A       1%          3
 Anguish                  Hex/Necr       27%        N/A       1%          4
 Cause Fear               Hex            37%        N/A       1%          4
 Flame Wave               Conj/Fire      87%        2d19      1%          4
 Leda's Liquefaction      Hex/Erth       42%        N/A       1%          4
 Passage of Golubria      Tloc           59%        N/A       1%          4
 Petrify                  Tmut/Erth      68%        N/A       1%          4
 Sticky Flame             Conj/Fire      87%        2d10      1%          4
 Arcjolt                  Conj/Air       43%        1d53      1%          5
 Lightning Bolt           Conj/Air       43%        1d63      1%          5
 Yara's Violent Unravell  Hex/Tmut       27%        3d12      1%          5
 Conjure Ball Lightning   Conj/Air       43%        3x3d15    1%          6
 Starburst                Conj/Fire      43%        6d12      1%          6
 Cigotuvi's Dreadful Rot  Necr/Pois/Air  52%        N/A       2%          2
 Sublimation of Blood     Necr           26%        N/A       2%          2
 Wereblood                Tmut           26%        N/A       2%          2
 Metabolic Englaciation   Hex/Ice        27%        N/A       3%          5
 Statue Form              Tmut/Erth      45%        N/A       3%          6
 Call Canine Familiar     Summ           26%        N/A       4%          3
 Ozocubu's Armour         Ice            26%        N/A       4%          3
 Spider Form              Tmut/Pois      26%        N/A       4%          3
 Swiftness                Air            26%        N/A       4%          3
 Vampiric Draining        Necr           26%        2d7       4%          3
 Airstrike                Air            13%        2d(2-18)  4%          4
 Olgreb's Toxic Radiance  Pois           26%        N/A       4%          4
 Spellforged Servitor     Conj/Summ      43%        N/A       6%          7
 Summon Forest            Summ/Tloc      22%        N/A       11%         5
 Dispersal                Tloc           29%        N/A       13%         6
 Dispel Undead            Necr           26%        3d13      16%         4
 Ice Form                 Ice/Tmut       26%        N/A       16%         4
 Summon Lightning Spire   Summ/Air       26%        N/A       16%         4
 Alistair's Intoxication  Tmut/Pois      17%        N/A       41%         5
 Eringya's Noxious Bog    Tmut/Pois      13%        N/A       50%         6
 Discord                  Hex            37%        N/A       56%         8
 Death Channel            Necr           13%        N/A       94%         6
 Simulacrum               Ice/Necr       13%        N/A       94%         6
 Malign Gateway           Summ/Tloc      22%        N/A       97%         7
 Disjunction              Tloc           29%        N/A       99%         8
 Monstrous Menagerie      Summ           13%        N/A       100%        7
 Storm Form               Tmut/Air       13%        N/A       100%        7
 Summon Hydra             Summ           13%        N/A       100%        7
 Ignition                 Fire           13%        3d6       100%        8
 Maxwell's Capacitive Co  Air            13%        ∞         100%        8
 Summon Horrible Things   Summ           13%        N/A       100%        8
 Animate Armour           Summ/Erth      Unusable   N/A       N/A         4

Dungeon Overview and Level Annotations

Branches:
Dungeon (15/15)            Temple (1/1) D:6            Lair (5/5) D:8
  Swamp (4/4) Lair:3       Spider (4/4) Lair:3        Slime (0/5) Lair:4
    Orc (2/2) D:11            Elf (3/3) Orc:2        Vaults (5/5) D:13
  Crypt (3/3) Vaults:3       Tomb (0/3) Crypt:3      Depths (0/4) D:15
  Sewer (visited)          Bailey (visited)         Volcano (visited)
 WizLab (visited)         Gauntlet (visited)

Altars:
Cheibriados
Elyvilon
Fedhas
Gozag
Hepliaklqana
Kikubaaqudgha
Makhleb
Okawaru
Qazlal
Ru
Sif Muna
Trog
Uskayaw
Vehumet
Wu Jian
Xom
Yredelemnul
The Shining One
Jiyva

Shops:
Orc:1 ?   Orc:2 *?(!   Elf:3 *

Annotations:
Lair:2 2 transporters, Elozebb's ghost, journeyman SpEn
Spider:4 2 transporters, Citaku's ghost, adept MiFi
Elf:2 3 runed translucent doors


Innate Abilities, Weirdness & Mutations

Your dull iron-grey scales are very hard. (AC +16)
You are amphibious.
You cannot fit into any form of body armour.
You are cold-blooded and may be slowed by cold attacks.
You have a pair of small horns on your head.
You are dopey. (Int -2)


Message History

The bone dragon claws you but does no damage.
You block the bone dragon's attack.
You hear some strange, mumbled words.
You sock the bone dragon! Your headbutt misses the bone dragon.
The bone dragon is almost destroyed.
Your battlesphere fires!
The barrage of energy hits the necrophage!
The necrophage is heavily damaged.
Your battlesphere expends the last of its energy and dissipates.
The shard shrike simulacrum claws you!
The shard shrike simulacrum freezes you!!
The shard shrike simulacrum claws you!
The shard shrike simulacrum freezes you!!!
* * * LOW HITPOINT WARNING * * *
The shard shrike simulacrum claws you but does no damage.
You hear some strange, mumbled words.
The bone dragon bites you but does no damage.
The bone dragon claws you but does no damage.
The bone dragon tramples you.
* * * LOW HITPOINT WARNING * * *
You are shoved backwards!
Blink to where?
Press: ? - help, Dir - move target, p - bone dragon
As you read the scroll of blinking, it crumbles to dust.
You conjure a globe of magical energy.
As you read the scroll of teleportation, it crumbles to dust.
You feel strangely unstable.
The shard shrike simulacrum claws your battlesphere.
The shard shrike simulacrum freezes your battlesphere!
Your battlesphere resists.
The shard shrike simulacrum claws your battlesphere.
The shard shrike simulacrum freezes your battlesphere!
Your battlesphere resists.
The shard shrike simulacrum claws your battlesphere!
Your battlesphere is destroyed!
The shard shrike simulacrum claws you!
* * * LOW HITPOINT WARNING * * *
The shard shrike simulacrum freezes you!!!
You feel as though you will be slow longer.
You die...

....#....#.........#.########....
....#....#.........#.............
....#....#########'#.............
....#........................≈≈≈≈
....#............#####......≈≈###
###'#............#.........≈≈##..
.................#........≈≈###..
.................#........≈####..
#############...@#........≈≈≈≈###
#...Z#......≈≈≈≈#≈≈≈#
#....####...≈..≈###≈#
#)..........≈.....#≈. ....
#..n........≈..≈#.#≈. ...#
#...........≈≈≈≈#.#≈.
#..######..............≈#....
#..#....D.....####.....≈###..
#.)#..○W.###..# ##....≈≈≈#..


You could see a bone dragon, a necrophage (summoned) and a shard shrike
simulacrum (summoned).

Vanquished Creatures
  An ancient lich (Vaults:4)
  Saint Roka (Vaults:1)
  Arachne (Spider:3)
  Nikola (Swamp:4)
  A bone dragon (Abyss:3)
  A hellephant (Abyss:3)
  Zenata (Crypt:2)
  Mlioglotl (Swamp:4)
  A titan (Vaults:4)
  A deep elf blademaster (Elf:3)
  2 liches
  A deep elf master archer (Elf:3)
  3 sphinxes
  8 tentacled starspawn
  7 ancient champions
  4 thorn hunters (Swamp:3)
  Roxanne (Swamp:4)
  Agnes (Spider:4)
  2 tengu reavers
  Kirke (Swamp:1)
  7 revenants
  2 storm dragons
  A fenstrider witch (Swamp:4)
  10 deep elf sorcerers
  A fire giant (Vaults:2)
  15 vault wardens
  4 emperor scorpions
  An angel (Abyss:3)
  2 juggernaut zombies
  Aizul (Spider:2)
  5 deep elf elementalists
  2 frost giants
  16 ironbound preservers
  3 orc warlords (Vaults:1)
  2 curse skulls (Crypt:1)
  2 ghost moths (Spider:4)
  A stone giant (Vaults:4)
  5 ghouls (Crypt:3)
  2 broodmothers
  10 very ugly things
  2 war gargoyles (Vaults:2)
  8 deep elf demonologists
  6 eleionomae
  A yellow draconian (Abyss:3)
  4 vampire knights
  Azrael (D:14)
  8 bunyips
  5 ironbound thunderhulks
  7 dire elephants
  4 spark wasps
  A minotaur (Gauntlet)
  8 deep elf annihilators
  Snorg (Lair:5)
  5 eidola
  2 ettins
  A quicksilver dragon zombie (Crypt:2)
  14 deep elf death magi
  3 crystal guardians (Vaults:2)
  Josephine (Spider:1)
  5 deep elf high priests
  18 jiangshi
  6 entropy weavers
  3 shambling mangroves
  7 yaktaur captains
  A mummy priest (Crypt:3)
  4 great orbs of eyes
  A rakshasa (Abyss:3)
  3 quicksilver dragon skeletons
  3 ghost crabs
  Erolcha (Orc:2)
  29 hydras
  2 peacekeepers (Vaults:2)
  4 ironbound frosthearts
  32 vault guards
  An ogre mage (D:11)
  2 death knights
  8 boulder beetles
  A radroach (Spider:4)
  A catoblepas (D:14)
  14 dancing weapons
  9 two-headed ogres
  11 centaur warriors
  3 thrashing horrors
  A death scarab (Spider:2)
  5 death yaks
  2 spriggan berserkers
  An orc high priest (Orc:2)
  A titan zombie (Crypt:3)
  A hell hog (Abyss:3)
  7 vampire magi
  8 alligators
  2 deep troll earth magi
  A soul eater (WizLab)
  2 titan skeletons (Crypt:3)
  A sun demon (WizLab)
  The ghost of kuniqs the Destroyer, a novice DsCj of Vehumet (D:10)
  Sonja (Orc:2)
  17 deep elf knights
  24 skeletal warriors
  6 pharaoh ants
  A sun moth (Spider:2)
  3 goliath frogs
  A sixfirhy (Abyss:3)
  37 deep trolls
  2 shadow wraiths
  4 spriggan druids
  2 flayed ghosts
  An iron giant zombie (Crypt:2)
  7 bog bodies
  An orange crystal statue (Gauntlet)
  17 swamp dragons
  8 orb spiders
  14 deep elf archers
  7 phantasmal warriors
  9 large abominations
  11 wizards
  An obsidian statue (WizLab)
  10 ironbound convokers
  A swamp dragon (shapeshifter) (D:14)
  10 lindwurms
  A glowing orange brain (shapeshifter) (D:13)
  6 harpies
  2 mana vipers
  23 deep elf zephyrmancers
  7 oklob plants
  8 starcursed masses
  5 steelbarb worms
  8 necromancers
  A broodmother zombie (Crypt:3)
  10 cyclopes
  19 wolf spiders
  14 orc knights
  31 deep elf pyromancers
  7 orc sorcerers
  25 ugly things
  4 moths of wrath
  An iron dragon zombie (D:15)
  A tengu skeleton (WizLab)
  A fire giant zombie (D:15)
  2 worldbinders
  A frost giant zombie (D:15)
  6 will-o-the-wisps
  A guardian serpent (WizLab)
  4 manticores
  A fire giant skeleton (WizLab)
  17 vault sentinels
  6 demonic crawlers
  15 elephants
  5 black mambas
  A stone giant skeleton (Crypt:2)
  5 gargoyles
  An apocalypse crab (Abyss:3)
  17 cane toads
  3 smoke demons (Abyss:3)
  4 torpor snails
  3 rime drakes
  4 freezing wraiths
  A kobold demonologist (D:10)
  A bunyip simulacrum (Crypt:3)
  14 komodo dragons
  4 unseen horrors
  16 yaktaurs
  An anaconda simulacrum (Crypt:3)
  6 ancient zymes
  4 guardian mummies
  A queen bee (Gauntlet)
  An unseen horror skeleton (Crypt:3)
  A tormentor (Abyss:3)
  A hellwing (Abyss:4)
  13 trolls
  A harpy zombie (Crypt:3)
  A grey draconian skeleton (Crypt:3)
  3 meliai (Spider:3)
  A meliai (shapeshifter) (D:11)
  The ghost of Azuvok the Cleaver, an amateur MiFi (D:4)
  A polar bear (Lair:5)
  A hornet (shapeshifter) (D:11)
  4 harpy skeletons
  Prince Ribbit (Lair:2)
  12 tyrant leeches
  16 hornets
  A tarantella (shapeshifter) (D:15)
  27 tarantellas
  39 blink frogs
  A jumping spider (shapeshifter) (D:11)
  A fire giant simulacrum (Vaults:1)
  16 dream sheep
  24 slime creatures
  2 alligator skeletons (Volcano)
  A human simulacrum (Vaults:1)
  6 spriggans
  8 flying skulls
  A satyr skeleton (Crypt:2)
  3 vampires
  2 ynoxinuls
  8 shadows
  A water elemental (Elf:1)
  2 air elementals
  A deep troll skeleton (WizLab)
  A slime creature (shapeshifter) (D:14)
  20 culicivoras
  14 jumping spiders
  9 wraiths
  4 wyverns
  2 fire bats (Abyss:4)
  29 yaks
  4 basilisks
  6 hogs (Swamp:1)
  5 steam dragons
  6 fire elementals
  37 redbacks
  14 vampire mosquitoes
  3 chaos spawn
  A black mamba skeleton (Crypt:1)
  7 spatial vortices (WizLab)
  A neqoxec (Abyss:4)
  A swamp worm (shapeshifter) (Vaults:2)
  9 swamp worms
  7 wargs
  2 acid dragons
  27 water moccasins
  A glowing shapeshifter skeleton (Crypt:1)
  3 hell hounds (D:14)
  10 swamp drakes
  3 black bears
  2 ice beasts
  2 sky beasts (shapeshifter)
  A sky beast (D:7)
  4 ogres
  32 orc warriors
  7 boggarts
  19 wolves
  10 centaurs
  A phantom (D:5)
  A yaktaur zombie (Crypt:2)
  3 kobold brigands
  23 bullfrogs
  A komodo dragon skeleton (Crypt:3)
  6 gnoll sergeants
  A yaktaur skeleton (Crypt:3)
  2 earth elementals (Elf:1)
  32 scorpions
  A raiju zombie (Crypt:3)
  A spriggan zombie (Crypt:1)
  A polar bear zombie (Crypt:2)
  3 small abominations
  10 killer bees
  3 howler monkeys
  4 spriggan skeletons
  12 electric eels
  A shapeshifter skeleton (Crypt:3)
  A crimson imp (Abyss:3)
  3 lava snakes (Lair:2)
  2 jellies
  7 hounds
  26 orc priests
  An iron imp (D:6)
  3 iguanas
  35 orc wizards
  An acid dragon zombie (Crypt:2)
  6 mummies (Crypt:3)
  11 gnolls
  29 adders
  3 river rats
  3 shadow imps
  4 white imps
  An ufetubus (D:4)
  A worm zombie (Crypt:2)
  An iguana zombie (Crypt:2)
  A worm (D:2)
  3 dart slugs
  108 orcs
  11 ball pythons
  6 endoplasms
  8 goblins
  6 hobgoblins
  2 jackals (D:4)
  5 kobolds
  5 quokkas
  2 bats (D:3)
  6 frilled lizards
  A quokka skeleton (Crypt:2)
  8 rats
  16 butterflies (Vaults:3)
  5 starspawn tentacles
1871 creatures vanquished.

Vanquished Creatures (collateral kills)
  A skeletal warrior (Volcano)
  2 gargoyles (Volcano)
  3 troll skeletons (Volcano)
  2 naga skeletons (Volcano)
8 creatures vanquished.

Vanquished Creatures (others)
  An eldritch tentacle (WizLab)
  A deep elf knight (Elf:2)
  A wizard (Gauntlet)
  A bloated husk (Swamp:1)
  A flying skull (Volcano)
  A kobold brigand (D:11)
  2 bushes (Lair:5)
  14 demonic plants (Gauntlet)
  14 foxfires
  214 fulminant prisms
  69 fungi
  172 plants
  11 starspawn tentacles
  2 withered plants (D:15)
504 creatures vanquished.

Grand Total: 2383 creatures vanquished

Notes
Turn   | Place    | Note
-------+----------+-------------------------------------------
     0 | D:1      | CrazyBamboolord the Draconian Conjurer began the quest for
                  | the Orb.
     0 | D:1      | Reached XP level 1. HP: 14/14 MP: 3/3
   321 | D:1      | Reached XP level 2. HP: 20/20 MP: 1/5
   397 | D:1      | Found a faded altar of an unknown god.
   981 | D:2      | Reached XP level 3. HP: 26/26 MP: 4/6
   984 | D:2      | Learned a level 2 spell: Searing Ray
   988 | D:2      | Learned a level 3 spell: Dazzling Flash
  1533 | D:2      | Found a snail-covered altar of Cheibriados.
  1829 | D:3      | Reached XP level 4. HP: 26/34 MP: 0/7
  1933 | D:3      | Reached skill level 5 in Conjurations
  2034 | D:3      | Found a glowing drain.
  2038 | Sewer    | Entered a sewer
  2170 | Sewer    | Noticed a kobold brigand
  2197 | Sewer    | Killed a kobold brigand
  2198 | Sewer    | Reached skill level 1 in Fighting
  2198 | Sewer    | Reached skill level 1 in Hexes
  2198 | Sewer    | Reached XP level 5. HP: 28/40 MP: 0/10
  3537 | D:4      | Learned a level 3 spell: Hailstorm
  3574 | D:4      | Noticed a black bear
  3580 | D:4      | Killed a black bear
  3581 | D:4      | Reached XP level 6. HP: 29/47 MP: 3/11
  3671 | D:4      | Identified the +6 flail of the Zealous God {heavy, Will+}
  3943 | D:4      | Found a runed translucent door.
  3946 | D:4      | Noticed Azuvok's ghost (amateur MiFi)
  4092 | D:4      | Reached skill level 1 in Translocations
  4092 | D:4      | Your scales start taking on a dull iron-grey colour.
  4092 | D:4      | Reached XP level 7. HP: 53/53 MP: 7/13
  5001 | D:5      | Entered Level 5 of the Dungeon
  5285 | D:5      | Reached skill level 5 in Spellcasting
  5285 | D:5      | Reached XP level 8. HP: 57/62 MP: 7/15
  5594 | D:5      | Learned a level 4 spell: Fulminant Prism
  5599 | D:5      | Learned a level 4 spell: Iskenderun's Mystic Blast
  6915 | D:6      | Found a staircase to the Ecumenical Temple.
  6926 | Temple   | Entered the Ecumenical Temple
  6934 | Temple   | Became a worshipper of Vehumet
  7278 | D:6      | Found a snail-covered altar of Cheibriados.
  7407 | D:7      | Reached XP level 9. HP: 55/70 MP: 3/18
  7896 | D:7      | Found a flagged portal.
  7994 | Bailey   | Entered a bailey
  8386 | Bailey   | Reached * piety under Vehumet
  8386 | Bailey   | Offered knowledge of Shock by Vehumet.
  8496 | Bailey   | Noticed an orc knight
  8578 | Bailey   | Killed an orc knight
  8579 | Bailey   | Reached skill level 5 in Dodging
  9637 | D:8      | Found an iron altar of Okawaru.
 10113 | D:8      | Found a staircase to the Lair.
 10125 | D:8      | Reached XP level 10. HP: 70/80 MP: 7/21
 10301 | D:8      | Found a burning altar of Makhleb.
 10301 | D:8      | Found an opulent altar of Gozag.
 10303 | D:8      | Found an ancient bone altar of Kikubaaqudgha.
 10303 | D:8      | Found a shimmering blue altar of Sif Muna.
 11104 | D:9      | Reached ** piety under Vehumet
 11104 | D:9      | Offered knowledge of Scorch by Vehumet.
 11329 | D:9      | Paralysed by a hornet for 3 turns
 11360 | D:9      | HP: 4/80 [orc warrior/+0 halberd (11)]
 11495 | D:9      | Noticed a +0 spear
 11495 | D:9      | Noticed a +0 falchion
 11495 | D:9      | Noticed a +0 short sword
 11496 | D:9      | Noticed a +0 dagger
 11496 | D:9      | Noticed a +0 short sword
 11496 | D:9      | Noticed a +0 falchion
 11497 | D:9      | Noticed a +0 dagger
 11498 | D:9      | Noticed a +0 spear
 11507 | D:9      | Found a hide-covered altar of Uskayaw.
 11961 | Lair:1   | Entered Level 1 of the Lair of Beasts
 12176 | Lair:1   | Offered knowledge of Stone Arrow by Vehumet.
 12194 | Lair:1   | Reached skill level 5 in Fighting
 12345 | Lair:1   | Noticed a seven-headed hydra
 12355 | Lair:1   | Killed a seven-headed hydra
 12807 | Lair:1   | Reached *** piety under Vehumet
 12864 | Lair:1   | Reached XP level 11. HP: 83/88 MP: 2/23
 13472 | Lair:1   | Reached skill level 5 in Translocations
 13674 | Lair:1   | Offered knowledge of Inner Flame by Vehumet.
 13675 | Lair:1   | Reached skill level 5 in Hexes
 14159 | D:3      | Learned a level 5 spell: Irradiate
 14164 | D:3      | Learned a level 4 spell: Manifold Assault
 14332 | Lair:1   | Reached skill level 10 in Conjurations
 14817 | Lair:2   | Reached skill level 1 in Earth Magic
 15301 | Lair:2   | Found a transporter.
 15305 | Lair:2   | Found a transporter.
 15315 | Lair:2   | Noticed Elozebb's ghost (journeyman SpEn)
 15325 | Lair:2   | Noticed Prince Ribbit
 15348 | Lair:2   | Killed Prince Ribbit
 15348 | Lair:2   | Reached **** piety under Vehumet
 15844 | Lair:2   | Reached skill level 10 in Spellcasting
 16624 | Lair:3   | Offered knowledge of Freezing Cloud by Vehumet.
 16624 | Lair:3   | Noticed a death yak
 16634 | Lair:3   | Noticed a death yak
 16635 | Lair:3   | Reached XP level 12. HP: 92/97 MP: 8/26
 16637 | Lair:3   | Noticed a death yak
 16642 | Lair:3   | Noticed a death yak
 17072 | Lair:3   | Found a dark tunnel.
 17279 | Volcano  | Entered a volcano
 18368 | Lair:3   | Upgraded the game from 0.30-a0-614-ge5ea1257c2 to
                  | 0.30-a0-630-g881e3bac89
 18572 | Lair:3   | Learned a level 5 spell: Lee's Rapid Deconstruction
 18770 | Lair:3   | Killed a death yak
 19051 | Lair:2   | Killed a death yak
 19160 | Lair:2   | Killed a death yak
 19303 | Lair:2   | Killed a death yak
 19388 | Lair:3   | Found a hole to the Spider Nest.
 19676 | Lair:3   | Found a staircase to the Swamp.
 20026 | Lair:4   | Reached XP level 13. HP: 105/105 MP: 28/28
 20133 | Lair:4   | Reached skill level 5 in Earth Magic
 20367 | Lair:4   | Reached ***** piety under Vehumet
 20373 | Lair:3   | Offered knowledge of Iron Shot by Vehumet.
 20382 | Lair:3   | Learned a level 6 spell: Iron Shot
 21098 | Lair:4   | Found a viscous altar of Jiyva.
 21098 | Lair:4   | Found a staircase to the Slime Pits.
 21714 | Lair:5   | Entered Level 5 of the Lair of Beasts
 22952 | Lair:5   | Found a basalt altar of Yredelemnul.
 23034 | Lair:5   | Offered knowledge of Eringya's Noxious Bog by Vehumet.
 23193 | Lair:5   | Reached XP level 14. HP: 115/115 MP: 30/30
 24003 | Lair:5   | Noticed Snorg
 24009 | Lair:5   | Killed Snorg
 25227 | D:10     | Entered Level 10 of the Dungeon
 25279 | D:10     | Found a transporter.
 25296 | D:10     | Noticed kuniqs's ghost (novice DsCj)
 25318 | D:10     | Found a transporter.
 25535 | D:10     | Found a bloodstained altar of Trog.
 27102 | D:11     | Gained mutation: You are vulnerable to cold. (rC-)
                  | [mutagenic glow]
 27136 | D:11     | Lost mutation: You are vulnerable to cold. (rC-) [potion of
                  | mutation]
 27136 | D:11     | Gained mutation: You are dopey. (Int -2) [potion of
                  | mutation]
 27136 | D:11     | Gained mutation: You have a pair of small horns on your
                  | head. [potion of mutation]
 27464 | D:11     | Reached skill level 1 in Shields
 28073 | D:11     | Offered knowledge of Ozocubu's Refrigeration by Vehumet.
 28383 | D:11     | Found a white marble altar of Elyvilon.
 28439 | D:11     | Found a staircase to the Orcish Mines.
 28579 | D:11     | Got the Precepts of Stormy Obstruction
 28581 | D:11     | Got Sif Muna's Quarto of the Blizzard
 28592 | D:11     | Identified the +2 war axe of Breach {flame, rElec rF+
                  | Str+2}
 28952 | D:12     | Reached XP level 15. HP: 124/124 MP: 30/32
 30171 | D:13     | Noticed a tengu reaver
 30190 | D:13     | Killed a tengu reaver
 30692 | D:13     | Reached skill level 10 in Earth Magic
 30826 | D:13     | Found a gate to the Vaults.
 31125 | D:13     | Found the +0 staff of Battle
 31550 | Orc:1    | Entered Level 1 of the Orcish Mines
 31728 | Orc:1    | Found Gaul's Magic Scroll Shoppe.
 31951 | Orc:2    | Entered Level 2 of the Orcish Mines
 31951 | Orc:2    | Noticed Sonja
 31953 | Orc:2    | Killed Sonja
 32213 | Orc:2    | Reached skill level 10 in Dodging
 32384 | Orc:2    | Found a staircase to the Elven Halls.
 32392 | Orc:2    | Offered knowledge of Fireball by Vehumet.
 32639 | Orc:2    | Noticed Erolcha
 32644 | Orc:2    | Killed Erolcha
 32645 | Orc:2    | Reached skill level 1 in Staves
 32938 | Orc:2    | Found Ceili Wek's Distillery.
 32938 | Orc:2    | Found Zunirghel's Magic Scroll Emporium.
 32939 | Orc:2    | Found Wuheh's Assorted Antiques.
 32943 | Orc:2    | Found Caashoj's Weapon Shoppe.
 32974 | Orc:2    | Bought 2 potions of cancellation for 256 gold pieces
 32974 | Orc:2    | Bought 2 potions of invisibility for 256 gold pieces
 32974 | Orc:2    | Bought a potion of mutation for 128 gold pieces
 32974 | Orc:2    | Bought a potion of resistance for 160 gold pieces
 32974 | Orc:2    | Bought a potion of lignification for 48 gold pieces
 32974 | Orc:2    | Bought a potion of curing for 48 gold pieces
 32974 | Orc:2    | Bought a potion of might for 64 gold pieces
 32975 | Orc:2    | Bought a scroll of fog for 56 gold pieces
 32975 | Orc:2    | Bought a scroll of fog for 56 gold pieces
 32975 | Orc:2    | Bought a scroll of poison for 56 gold pieces
 33194 | Swamp:1  | Entered Level 1 of the Swamp
 33800 | Swamp:1  | Reached skill level 10 in Fighting
 33897 | Swamp:1  | Identified the ring of Cynutum {AC+4 Dex+4}
 33930 | Swamp:1  | Noticed Kirke
 33946 | Swamp:1  | Noticed a sphinx
 33965 | Swamp:1  | Killed Kirke
 34736 | Swamp:2  | Reached skill level 15 in Spellcasting
 34858 | Swamp:2  | Reached XP level 16. HP: 102/134 MP: 35/35
 36286 | Swamp:3  | Offered knowledge of Lightning Bolt by Vehumet.
 36686 | Swamp:4  | Entered Level 4 of the Swamp
 36956 | Swamp:4  | Noticed Roxanne
 36964 | Swamp:4  | Killed Roxanne
 37166 | Swamp:3  | Noticed a thorn hunter
 37172 | Swamp:3  | Killed a thorn hunter
 37381 | Swamp:4  | Noticed Mlioglotl
 37385 | Swamp:4  | Noticed Nikola
 37386 | Swamp:4  | Killed Mlioglotl
 37391 | Swamp:4  | Killed Nikola
 37914 | Swamp:4  | Reached ****** piety under Vehumet
 37966 | Swamp:3  | Noticed a thorn hunter
 37970 | Swamp:3  | Noticed a thorn hunter
 37979 | Swamp:3  | Noticed a thorn hunter
 38199 | Swamp:2  | Reached skill level 15 in Conjurations
 38271 | Swamp:3  | Killed a thorn hunter
 38275 | Swamp:3  | Killed a thorn hunter
 38907 | Swamp:3  | Killed a thorn hunter
 38908 | Swamp:3  | Reached XP level 17. HP: 51/143 MP: 11/36
 39445 | Swamp:4  | Offered knowledge of Iskenderun's Battlesphere by Vehumet.
 40041 | Swamp:4  | Got a decaying rune of Zot
 40267 | D:4      | Killed Azuvok's ghost
 40479 | D:10     | Killed kuniqs's ghost
 40896 | D:14     | Found the +9 sword of Power
 41094 | D:14     | Reached skill level 5 in Staves
 41279 | D:14     | Found a gate leading to a gauntlet.
 41289 | Gauntlet | Entered a Gauntlet
 41289 | Gauntlet | Found a transporter.
 41349 | Gauntlet | Found a transporter.
 41362 | Gauntlet | Found a transporter.
 41371 | Gauntlet | Found a transporter.
 41376 | Gauntlet | Found a transporter.
 41391 | Gauntlet | Found a transporter.
 41410 | Gauntlet | Found a transporter.
 41422 | Gauntlet | Found a transporter.
 41434 | Gauntlet | Found a transporter.
 41446 | Gauntlet | Found a transporter.
 41458 | Gauntlet | Found a transporter.
 41464 | Gauntlet | Found a transporter.
 41464 | Gauntlet | Found a transporter.
 41503 | Gauntlet | Found a transporter.
 41530 | Gauntlet | Found a transporter.
 41608 | Gauntlet | Found a transporter.
 41628 | Gauntlet | Found a transporter.
 41650 | Gauntlet | Found a transporter.
 42684 | D:14     | Noticed Azrael
 42694 | D:14     | Killed Azrael
 43455 | D:15     | Entered Level 15 of the Dungeon
 43563 | D:15     | Found a runed translucent door.
 43580 | D:15     | Offered knowledge of Orb of Destruction by Vehumet.
 43900 | D:15     | Learned a level 7 spell: Orb of Destruction
 44141 | D:15     | Found a staircase to the Depths.
 44258 | D:15     | Identified the +2 plate armour "Keplo" {rPois Dex+2 SInv}
 44575 | D:15     | Found a radiant altar of Vehumet.
 44813 | D:15     | Reached skill level 10 in Hexes
 45388 | D:15     | Identified the +7 whip "Zaorafugg" {freeze, rElec}
 45530 | Vaults:1 | Entered Level 1 of the Vaults
 45591 | Vaults:1 | Found a magical portal.
 45601 | WizLab   | Entered The Roulette of Golubria
 45601 | WizLab   | Found a transporter.
 45744 | WizLab   | Found a corrupted altar of Lugonu.
 45856 | WizLab   | Found a transporter.
 45915 | WizLab   | Found a transporter.
 45997 | WizLab   | Found a transporter.
 46049 | WizLab   | Found a transporter.
 46056 | WizLab   | Found a transporter.
 46079 | WizLab   | Found a transporter.
 46248 | WizLab   | Found a transporter.
 46278 | WizLab   | Found a transporter.
 46288 | WizLab   | Found a transporter.
 46397 | WizLab   | Found a transporter.
 46398 | WizLab   | Found a transporter.
 46422 | WizLab   | Found a transporter.
 46595 | WizLab   | Found a transporter.
 46595 | WizLab   | Found a transporter.
 46724 | WizLab   | Got the Incunable of Spooky Action
 46968 | WizLab   | Found a transporter.
 46968 | WizLab   | Found a transporter.
 46987 | WizLab   | Got Golubria's Lessons on Translocation
 47111 | WizLab   | Found a transporter.
 47116 | WizLab   | Identified the +0 cloak of Tender Moments {-Cast rF+ Regen+
                  | Stlth+}
 47127 | WizLab   | Identified the +0 cloak of the Butcher {*Slow rPois rF++
                  | Regen+}
 47162 | WizLab   | Found a transporter.
 47174 | WizLab   | Reached XP level 18. HP: 151/151 MP: 16/38
 47282 | WizLab   | Found a transporter.
 47288 | WizLab   | Offered knowledge of Fire Storm by Vehumet.
 47288 | WizLab   | Offered knowledge of Shatter by Vehumet.
 47288 | WizLab   | Offered knowledge of Polar Vortex by Vehumet.
 49940 | Vaults:1 | Noticed Saint Roka
 50139 | Vaults:1 | Killed Saint Roka
 51580 | Vaults:2 | Reached XP level 19. HP: 160/160 MP: 40/40
 53239 | Vaults:2 | You fall into a shaft and drop 1 floor!
 53314 | Vaults:3 | Paralysed by a sphinx for 3 turns
 53318 | Vaults:3 | Reached skill level 15 in Earth Magic
 54729 | Elf:1    | Entered Level 1 of the Elven Halls
 55589 | Elf:1    | Paralysed by an air elemental for 1 turns
 56777 | Elf:2    | Reached XP level 20. HP: 170/170 MP: 10/42
 57029 | Elf:1    | Found a radiant altar of Vehumet.
 57499 | Elf:2    | Found a runed translucent gate.
 57499 | Elf:2    | Found a runed translucent gate.
 57499 | Elf:2    | Found a runed translucent gate.
 57669 | Elf:3    | Entered Level 3 of the Elven Halls
 57669 | Elf:3    | Found Josateciu's Assorted Antiques.
 57676 | Elf:3    | Bought a potion of curing for 96 gold pieces
 57676 | Elf:3    | Bought a pair of runed boots for 240 gold pieces
 59073 | Elf:3    | Identified the +4 quarterstaff of Reinforcement {pain,
                  | rElec rF+++ MP+9 Stlth-}
 59289 | Abyss:3  | Cast into level 3 of the Abyss (a deep elf demonologist)
 59291 | Abyss:3  | Noticed a bone dragon
 59317 | Abyss:3  | Killed a bone dragon
 59442 | Abyss:3  | Found a shimmering altar of Xom.
 59665 | Elf:3    | Escaped the Abyss
 59742 | Elf:3    | Identified the +3 spear of the Eggplant {heavy, Str+4
                  | Dex+4}
 59742 | Elf:3    | Identified the ring of Lady Luck {+Blink rF- rC+ Will+
                  | Slay+3}
 59910 | Elf:3    | Identified the +4 war axe of the Fray {venom, Str+4}
 60313 | Abyss:3  | Cast into level 3 of the Abyss (a deep elf sorcerer)
 60492 | Abyss:3  | Found a hazy altar of Hepliaklqana.
 60949 | Elf:3    | Escaped the Abyss
 61333 | Elf:3    | Identified the +1 spear of Luxury {heavy, rN+ rCorr Str+7}
 61449 | Elf:3    | Got Liunwef's Guidebook on the Collective Wind
 61826 | Spider:1 | Entered Level 1 of the Spider Nest
 61936 | Spider:1 | Reached XP level 21. HP: 179/179 MP: 32/44
 62319 | Spider:1 | Got the Exposition on Geology and Invitation
 62331 | Spider:1 | Noticed Josephine
 62335 | Spider:1 | Killed Josephine
 62747 | Spider:1 | Learned a level 7 spell: Enfeeble
 63579 | Spider:2 | Noticed Aizul
 63593 | Spider:2 | Killed Aizul
 63976 | Spider:2 | Identified a scroll of acquirement
 64207 | Spider:3 | Identified the +0 chain mail of Hushrurelo {+Blink Fly rC-
                  | Regen+}
 64484 | Spider:3 | Noticed Arachne
 64492 | Spider:3 | Killed Arachne
 64716 | Spider:3 | Learned a level 9 spell: Shatter
 65066 | Spider:3 | Acquired the ring of Eclyixeh {Contam Fly rElec rPois}
 65138 | Spider:4 | Entered Level 4 of the Spider Nest
 65495 | Spider:4 | Noticed Agnes
 65499 | Spider:4 | Killed Agnes
 66238 | Spider:4 | Found a transporter.
 66238 | Spider:4 | Noticed Citaku's ghost (adept MiFi)
 66266 | Spider:4 | Found a transporter.
 67118 | Spider:4 | Lost strength.
 67806 | Spider:4 | Reached XP level 22. HP: 188/188 MP: 45/45
 67813 | Spider:4 | Upgraded the game from 0.30-a0-630-g881e3bac89 to
                  | 0.30-a0-634-g8abc85282e
 67830 | Spider:4 | Got a gossamer rune of Zot
 68620 | Vaults:3 | Found a gateway to a bazaar.
 68987 | Vaults:3 | Found a staircase to the Crypt.
 69035 | Bazaar   | Entered a bazaar
 69056 | Bazaar   | Found Ulugh's Distillery.
 69060 | Bazaar   | Bought a potion of haste for 150 gold pieces
 69060 | Bazaar   | Bought a potion of curing for 45 gold pieces
 69060 | Bazaar   | Bought a potion of brilliance for 60 gold pieces
 69060 | Bazaar   | Bought a potion of magic for 120 gold pieces
 69060 | Bazaar   | Bought a potion of brilliance for 60 gold pieces
 69060 | Bazaar   | Bought a potion of might for 60 gold pieces
 69060 | Bazaar   | Bought a potion of curing for 45 gold pieces
 69060 | Bazaar   | Bought a potion of might for 60 gold pieces
 69060 | Bazaar   | Bought a potion of brilliance for 60 gold pieces
 69085 | Bazaar   | Found Buh Ynan's Distillery.
 69189 | Bazaar   | Bought a potion of curing for 36 gold pieces
 69189 | Bazaar   | Bought a potion of might for 48 gold pieces
 69189 | Bazaar   | Bought a potion of might for 48 gold pieces
 69189 | Bazaar   | Bought a potion of heal wounds for 60 gold pieces
 69189 | Bazaar   | Bought a potion of curing for 36 gold pieces
 69189 | Bazaar   | Bought a potion of cancellation for 96 gold pieces
 69196 | Bazaar   | Found Ufouzus's Magic Scroll Shoppe.
 69204 | Bazaar   | Bought a scroll of silence for 152 gold pieces
 69204 | Bazaar   | Bought a scroll of fear for 64 gold pieces
 69216 | Bazaar   | Found Gera Uxu's Magic Scroll Shoppe.
 69224 | Bazaar   | Bought a scroll of teleportation for 39 gold pieces
 69224 | Bazaar   | Bought a scroll of poison for 52 gold pieces
 69224 | Bazaar   | Bought a scroll of summoning for 123 gold pieces
 69224 | Bazaar   | Bought a scroll of fog for 52 gold pieces
 69224 | Bazaar   | Bought a scroll of teleportation for 39 gold pieces
 69303 | Vaults:3 | Found a huge runed gate.
 69305 | Vaults:3 | Found a huge runed gate.
 69306 | Vaults:3 | Found a huge runed gate.
 69306 | Vaults:3 | Found a huge runed gate.
 69307 | Vaults:3 | Found a huge runed gate.
 69308 | Vaults:3 | Found a huge runed gate.
 69308 | Vaults:3 | Found a huge runed gate.
 69308 | Vaults:3 | Found a huge runed gate.
 69308 | Vaults:3 | Found a huge runed gate.
 69311 | Vaults:3 | Found a huge runed gate.
 69311 | Vaults:3 | Found a huge runed gate.
 69311 | Vaults:3 | Found a huge runed gate.
 69311 | Vaults:3 | Found a huge runed gate.
 69311 | Vaults:3 | Found a huge runed gate.
 69311 | Vaults:3 | Found a huge runed gate.
 69312 | Vaults:3 | Found a huge runed gate.
 69313 | Vaults:3 | Found a huge runed gate.
 69314 | Vaults:3 | Found a huge runed gate.
 69322 | Vaults:3 | Found a huge runed gate.
 69322 | Vaults:3 | Found a huge runed gate.
 69322 | Vaults:3 | Found a huge runed gate.
 69322 | Vaults:3 | Found a huge runed gate.
 69322 | Vaults:3 | Found a huge runed gate.
 69322 | Vaults:3 | Found a huge runed gate.
 69323 | Vaults:3 | Found a huge runed gate.
 69324 | Vaults:3 | Found a huge runed gate.
 69325 | Vaults:3 | Found a huge runed gate.
 69363 | Vaults:3 | Found a huge runed gate.
 69363 | Vaults:3 | Found a huge runed gate.
 69363 | Vaults:3 | Found a huge runed gate.
 69363 | Vaults:3 | Found a huge runed gate.
 69363 | Vaults:3 | Found a huge runed gate.
 69363 | Vaults:3 | Found a huge runed gate.
 69364 | Vaults:3 | Found a huge runed gate.
 69365 | Vaults:3 | Found a huge runed gate.
 69366 | Vaults:3 | Found a huge runed gate.
 70000 | Vaults:4 | Identified the +8 hand axe "Omekaxiy" {freeze, rPois rC+
                  | Str-3 Dex+6}
 71267 | Vaults:4 | Reached XP level 23. HP: 184/195 MP: 5/47
 71769 | Vaults:5 | Entered Level 5 of the Vaults
 71772 | Vaults:5 | Noticed an ancient lich
 71774 | Vaults:5 | Reached skill level 10 in Staves
 72129 | Vaults:4 | Killed an ancient lich
 72302 | Crypt:1  | Entered Level 1 of the Crypt
 73023 | Crypt:1  | You are sucked into a shaft and drop 1 floor!
 73032 | Crypt:2  | Noticed Zenata
 73039 | Crypt:2  | Killed Zenata
 73574 | Crypt:1  | Got the Quarto of Shifting Creation
 74121 | Crypt:2  | Reached skill level 15 in Dodging
 74616 | Crypt:3  | Entered Level 3 of the Crypt
 75132 | Crypt:3  | Found a staircase to the Tomb.
 75644 | Crypt:3  | Identified the +2 chain mail of Card Tricks {Will- Int+3
                  | Stlth+}
 75829 | Crypt:3  | Found a shimmering altar of Xom.
 75892 | Crypt:3  | Paralysed by something for 4 turns
 76246 | Crypt:3  | Mangled by a shard shrike simulacrum

Illustrated notes

Levels and vault maps discovered:
D:1:      wander_arrival_estate, layout_loops_cross, basic_ecumenical_altar,
          st_stairs_12
D:2:      layout_basic, basic_altar, hangedman_abyss_or_decor_lesser_grid
D:3:      layout_rooms, serial_glass, glass_columns_b, glass_columns_a,
          item_on_display_a, due_unseen_surprise, minmay_strange_pillars,
          gup_sewer_entry_bowl
D:4:      layout_basic, ebering_ghost_reflecting_pool, hex_large,
          lightli_minifort
D:5:      layout_basic
D:6:      layout_loops_ring, slow_altar_2, minmay_temple_entry_fiery
D:7:      layout_basic, enter_bailey_8
D:8:      layout_basic, okawaru_gym_becter, mainiacjoe_overflow_alcove_3,
          erik_lair_orcish_takeover
D:9:      layout_roguey [special_room_orc], nicolae_uskayaw_en_pointe,
          minmay_diced_spiral
D:10:     layout_loops_corners, lemuel_coloured_pillars_altar, nzn_ghost_randoct
D:11:     minmay_the_grid_octo_tiled_octocenter_mashed
          [minmay_the_grid_octo_chip, minmay_the_grid_octo_clover_2,
          minmay_the_grid_octo_clover, minmay_the_grid_octo_focus,
          minmay_the_grid_octo_prize_ultimate_mussel_roller,
          minmay_the_grid_square_5x5_spiral, minmay_the_grid_square_5x5_bite,
          minmay_the_grid_square_5x5_minivault,
          minmay_the_grid_square_5x5_almost_minimal], layout_cave_pools,
          orc_0_dummy, elyvilon_altar_5
D:12:     layout_roguey
D:13:     layout_cave_pools, david_vaults_1, minmay_checkered_concentric_circles
D:14:     minmay_guarded_unrand_sword_of_power, layout_basic,
          gauntlet_entry_generic, nicolae_triple_integral, uniq_azrael
D:15:     gammafunk_depths_entry_grave, layout_stronghold, fiery_altar_vehumet,
          kennysheep_treasure_room
Temple:   nicolae_temple_two_arcs
Lair:1:   lemuel_reptile_caves, layout_misc_corridors, serial_bayou_ford_a,
          grunt_forest_large_clearing_hut, serial_bayou_shore_a
Lair:2:   layout_loops_ring, gammafunk_ghost_hive, nicolae_lair_liquid_snakes,
          grunt_megastairs_5, uniq_prince_ribbit2
Lair:3:   layout_chaotic_city, minmay_swamp_entry_worms,
          spider_nest_entry_funnel_web, enter_volcano_4, st_stairs_13,
          grunt_megastairs_3
Lair:4:   layout_regular_city, dpeg_slime_entry_corner
Lair:5:   minmay_lair_end_frog_pond, layout_loops_ring, basic_altar,
          dpeg_oklob_1, uniq_snorg
Swamp:1:  layout_falls_marsh, evilmike_swamp_ruin_house_6, uniq_kirke
Swamp:2:  layout_basic_swamp, hangedman_swamp_blocks, swamp_pool3,
          infiniplex_staircase_pool_2
Swamp:3:  nicolae_swamp_phyte_club, layout_basic_swamp, serial_swamp_ruin,
          hangedman_swamp_ruin_hall, evilmike_swamp_ruin_house_2,
          evilmike_swamp_ruin_house_3
Swamp:4:  swamp_basic_johnstein, layout_basic_swamp, infiniplex_staircase_pool,
          uniq_roxanne, uniq_mlioglotl, uniq_nikola
Spider:1: spiders_nest_a, hangedman_spider_tarantella_strand, uniq_josephine
Spider:2: layout_spider_delve, nicolae_spider_nooks_and_crannies, uniq_aizul
Spider:3: layout_spider_delve, uniq_arachne
Spider:4: spider_rune_water, gammafunk_ghost_arena, uniq_agnes
Orc:1:    layout_diamond_mine, serial_shops, nicolae_shop_stone
Orc:2:    st_orc_mages, layout_diamond_mine, basic_altar, uniq_sonja,
          uniq_erolcha
Elf:1:    eino_elf_arrival_shootout, layout_geoelf_octagon, minivault_28,
          grunt_megastairs_2, lemuel_upstairs_altar
Elf:2:    elven_hall_of_blades_hangedman_original [nooodl_blade_entry_preview],
          layout_loops_corners, st_stairs_11, minmay_misc_feat_five
Elf:3:    nooodl_elf_gasket, layout_onion_city, serial_shops,
          nicolae_shop_statue_plus
Vaults:1: mu_enter_wizlab_3, v_misc_22, grunt_vaults_swirl, serial_ice_g,
          vaults_mumra_minichess, hangedman_vaults_river_flow,
          ontoclasm_vaults_chip, vaults_mumra_lcd, layout_vaults_quadrants,
          uniq_saint_roka
Vaults:2: nicolae_vaults_big_ls, ontoclasm_vaults_ligature,
          nicolae_vaults_branching_niches, hangedman_vaults_nails, v_misc_26,
          v_pattern_2, dpeg_vaults_monster_box, v_misc_32, vaults_room_hallway,
          nicolae_vaults_rhombus_6, layout_vaults_omnibox
Vaults:3: nicolae_vaults_quadrants, minmay_crypt_entry_simple_statues,
          hangedman_vaults_impose, nicolae_vaults_network_barrier,
          vaults_mumra_hex, not_door_vault_mu, nicolae_vaults_border_crossing,
          v_misc_31, v_misc_13, layout_vaults_ring, serial_shops, bzr_entry_safe
Vaults:4: nicolae_vaults_back_hallway, nicolae_vaults_little_squares_6,
          vaults_dpeg_encased_lava, vaults_room_door_ring,
          nicolae_vaults_network_star, ontoclasm_vaults_eye, v_rooms_1,
          v_alt_pattern_6, vaults_dpeg_diagonal, vaults_dpeg_ring,
          hangedman_vaults_nails, layout_vaults_maze_snakey
Vaults:5: serial_shops
Crypt:1:  layout_misc_corridors, st_stairs_13, st_small_mortuary,
          grunt_crypt_arrival_webbed, roderic_lattice_octagonal_star
Crypt:2:  layout_rooms, item_on_display_a, uniq_zenata
Crypt:3:  lightli_unholy_cathedral, layout_chaotic_city,
          tomb_entry_moat_badplayer, lemuel_statue_altar

Skill      XL: |  1  2  3  4  5  6  7  8  9 10 11 12 13 14 15 16 17 18 19 20 21 22 23 |
---------------+----------------------------------------------------------------------+-----
Dodging        | 2 3 4 5 6 7 8 9 10 11 12 13 14 15 | 15.3
Stealth        | 2 |  2.2
Conjurations   | 5 6 7 8 9 10 11 12 13 14 15 16 17 18 19 | 19.8
Spellcasting   | 3 4 5 6 7 8 10 11 12 13 15 16 17 18 19 20 | 20.3
Fighting       | 1 2 3 4 5 6 7 8 9 10 11 12 13 14 | 14.9
Hexes          | 1 2 3 4 5 6 7 8 9 10 11 12 | 12.3
Translocations | 1 2 3 4 5 6 7 |  7.1
Earth Magic    | 2 4 6 9 10 11 12 14 15 16 17 18 20 | 20.6
Shields        | 1 |  1.0
Staves         | 2 4 5 6 7 8 9 10 | 10.9

Action                   |  1- 3 |  4- 6 |  7- 9 | 10-12 | 13-15 | 16-18 | 19-21 | 22-24 || total
-------------------------+-------+-------+-------+-------+-------+-------+-------+-------++-------
Melee: Unarmed           |    51 |    29 |       |       |       |       |       |       ||    80
       Tailslap          |     4 |     5 |     8 |    17 |    14 |    47 |    23 |    19 ||   137
       Flail             |       |     3 |    54 |   189 |    63 |       |       |       ||   309
       Punch             |       |       |     2 |     1 |       |     2 |     1 |     1 ||     7
       Headbutt          |       |       |       |       |    18 |    54 |    35 |    35 ||   142
       Staff             |       |       |       |       |    38 |   184 |   132 |   111 ||   465
Throw: Throwing net      |       |       |     1 |       |       |       |       |       ||     1
 Cast: Magic Dart        |    71 |    74 |   198 |   140 |   169 |   155 |    32 |    30 ||   869
       Searing Ray       |       |    10 |    57 |    39 |       |       |       |       ||   106
       Fulminant Prism   |       |       |     5 |    95 |    99 |    11 |       |     4 ||   214
       Iskenderun's Myst |       |       |       |    97 |   107 |    52 |   109 |    66 ||   431
       Manifold Assault  |       |       |       |    25 |     1 |     3 |       |     1 ||    30
       Irradiate         |       |       |       |    10 |    45 |     4 |     1 |     2 ||    62
       Hailstorm         |       |       |       |     1 |       |       |       |       ||     1
       Iron Shot         |       |       |       |       |   173 |   480 |   477 |   242 ||  1372
       Lee's Rapid Decon |       |       |       |       |    89 |    14 |    29 |    78 ||   210
       Orb of Destructio |       |       |       |       |       |    15 |    56 |     6 ||    77
       Enfeeble          |       |       |       |       |       |       |     3 |     1 ||     4
Evoke: Wand              |       |       |    10 |     1 |       |       |     8 |       ||    19
  Use: Scroll            |     4 |       |     8 |    16 |    13 |    12 |    10 |     6 ||    69
       Potion            |       |       |     2 |    13 |     6 |    17 |     8 |     3 ||    49
 Stab: Sleeping          |       |       |     1 |       |       |       |       |       ||     1
       Confused          |       |       |       |       |       |     1 |       |       ||     1
Armor: Skin              |    17 |     9 |   108 |   306 |   192 |   320 |   286 |   137 ||  1375
Dodge: Dodged            |    43 |    35 |   167 |   386 |   262 |   350 |   239 |   175 ||  1657
Block: Other             |       |       |       |       |    71 |   127 |    84 |    68 ||   350
       Reflection        |       |       |       |       |    13 |     7 |     4 |     5 ||    29

Table legend: (Time is in decaauts)
 A = Elapsed time spent in this place.
 B = Non-inter-level travel time spent in this place.
 C = Inter-level travel time spent in this place.
 D = Time resting spent in this place.
 E = Time spent auto-exploring this place.
 F = Levels seen in this place.
 G = Mean time per level.
                   A        B        C        D        E       F      G
               +--------+--------+--------+--------+--------+-----+--------+
         Total |  76985 |  72497 |   4488 |  20494 |  39149 |  51 | 1509.5 |
       Dungeon |  21971 |  19984 |   1987 |   3358 |  13458 |  15 | 1464.7 |
        Temple |     16 |     16 |      0 |      0 |      0 |   1 |   16.0 |
          Lair |  12698 |  12011 |    687 |   5063 |   4893 |   5 | 2539.6 |
         Swamp |   6360 |   6077 |    283 |   2702 |   2494 |   4 | 1590.0 |
   Spider Nest |   6466 |   6130 |    336 |   1658 |   3595 |   4 | 1616.5 |
  Orcish Mines |   1551 |   1357 |    194 |    389 |    729 |   2 |  775.5 |
   Elven Halls |   5894 |   5573 |    321 |   1549 |   3093 |   3 | 1964.7 |
        Vaults |  11264 |  10642 |    622 |   2278 |   6972 |   5 | 2252.8 |
         Crypt |   3794 |   3738 |     56 |   1201 |   1898 |   3 | 1264.7 |
         Abyss |   1001 |   1001 |      0 |    551 |      0 |   3 |  333.7 |
        Bazaar |    200 |    200 |      0 |    100 |      0 |   1 |  200.0 |
         Sewer |   1150 |   1150 |      0 |     85 |    858 |   1 | 1150.0 |
        Bailey |    817 |    817 |      0 |    264 |    195 |   1 |  817.0 |
       Volcano |   1075 |   1075 |      0 |    447 |     47 |   1 | 1075.0 |
        Wizlab |   1868 |   1868 |      0 |    724 |    638 |   1 | 1868.0 |
      Gauntlet |    853 |    853 |      0 |    124 |    278 |   1 |  853.0 |
               +--------+--------+--------+--------+--------+-----+--------+

Top non-repeatable levels by time:
Vaults:1: 3247 daAuts
Vaults:2: 3142 daAuts
   Elf:3: 2896 daAuts
  Lair:4: 2867 daAuts
    D:10: 2823 daAuts
 Swamp:3: 2781 daAuts
Spider:4: 2689 daAuts
  Lair:2: 2642 daAuts
  Lair:1: 2636 daAuts
Vaults:3: 2539 daAuts
  Lair:3: 2502 daAuts
Vaults:4: 2320 daAuts
  Lair:5: 2049 daAuts
    D:15: 2028 daAuts
  WizLab: 1868 daAuts
